 Dungeon Crawl Stone Soup version 0.31-a0-219-g8d62b2e7bb (webtiles) character file.

Game seed: 14267103454248718390

623 qw the Shooter (level 7, -2/43 HPs)
             Began as a Gargoyle Hexslinger on July 3, 2023.
             Slain by an orc
             ... wielding a +0 mace
              (4 damage)
             ... on level 4 of the Dungeon.
             The game lasted 00:01:26 (3063 turns).

qw the Shooter (Gargoyle Hexslinger)                Turns: 3063, Time: 00:01:27

Health: -2/43      AC: 14    Str: 12    XL:     7   Next: 47%
Magic:  8/8        EV: 11    Int: 13    God:
Gold:   50         SH:  0    Dex: 14    Spells: 7/8 levels left

rFire   . . .        h - +2 sling (heavy)
rCold   . . .        (no shield)
rNeg    + . .        c - +0 troll leather armour {Pargi}
rPois   inf          (no helmet)
rElec   +            a - +0 cloak
rCorr   .            (no gloves)
SInv    .            (no boots)
Will    +....        (no amulet)
Stlth   +            f - +4 ring of protection
HPRegen 1.07/turn    p - ring of willpower
MPRegen 0.11/turn

%: no passive effects
@: no status effects
A: sickness immunity, AC +4, negative energy resistance 1, electricity
resistance, torment resistance 1, petrification resistance
a: no special abilities


You were on level 4 of the Dungeon.
You visited 1 branch of the dungeon, and saw 4 of its levels.
You also visited: Sewer.

You collected 206 gold pieces.
You spent 156 gold pieces at shops.


Innate Abilities, Weirdness & Mutations

You are immune to sickness and miasma.
Your stone body is resilient. (AC +4)
You are immune to poison.
You resist negative energy. (rN+)
You are resistant to electric shocks. (rElec)
You are resistant to unholy torment.
You are immune to petrification.


   Skills:
 - Level 4.2 Fighting
 + Level 6.7 Ranged Weapons
 - Level 2.1 Armour
 - Level 1.5 Dodging
 - Level 1.0 Spellcasting
 - Level 2.6 Hexes


You had 7 spell levels left.
You knew the following spells:

 Your Spells              Type           Power      Damage    Failure   Level
a - Slow                  Hex            28%        N/A       12%         1

Your spell library contained the following spells:

 Spells                   Type           Power      Damage    Failure   Level
 Inner Flame              Hex/Fire       4%         N/A       52%         3
 Portal Projectile        Hex/Tloc       8%         N/A       52%         3
 Cause Fear               Hex            3%         N/A       75%         4

Inventory:

Hand Weapons
 h - a +2 heavy sling (weapon)
Armour
 a - a +0 cloak (worn)
 c - a +0 troll leather armour (worn) {Pargi}
Jewellery
 f - a +4 ring of protection (left hand)
 p - a ring of willpower (right hand)
Scrolls
 i - a scroll of teleportation {unknown}
 n - a scroll of identify
Potions
 d - a potion of brilliance {unknown}
 e - a potion of experience {unknown}
 g - a potion of cancellation {unknown}
 k - a potion of degeneration {unknown}
 l - a potion of haste {unknown}
 m - 2 potions of attraction {unknown}
 o - 2 potions of curing
 q - 2 potions of might

Dungeon Overview and Level Annotations

Branches:
Dungeon (4/15)              Sewer (visited)
 Temple: D:4-7

Altars:

Shops:
D:4 !

Annotations:
D:4 Eustachio


Message History

The ufetubus hits you but does no damage.
The orc hits you but does no damage. The orc closely misses you.
The orc barely misses you.
The giant cockroach bites you but does no damage.
The quokka misses you. The ufetubus barely misses you.
The ufetubus closely misses you. The orc hits you with a +0 mace.
The orc barely misses you. The orc hits you but does no damage.
The giant cockroach completely misses you.
The quokka bites you but does no damage.
The ufetubus closely misses you. x2
You shoot a sling bullet.
The sling bullet barely misses the ufetubus.
The ufetubus hits you but does no damage.
The ufetubus closely misses you. The giant cockroach bites you.
The quokka bites you but does no damage.
The orc misses you. The orc barely misses you.
Eustachio mumbles some strange words.
Eustachio blinks!
The orc barely misses you.
The ufetubus hits you but does no damage.
The ufetubus hits you. The giant cockroach barely misses you.
The quokka bites you. The orc hits you but does no damage. x2
The orc closely misses you.
You shoot a sling bullet. The sling bullet misses the ufetubus.
The ufetubus hits you.
The ufetubus hits you but does no damage.
The giant cockroach bites you but does no damage.
The quokka barely misses you.
The ufetubus hits you but does no damage.
The ufetubus closely misses you. The orc hits you but does no damage.
The orc closely misses you. The orc barely misses you.
The giant cockroach bites you but does no damage.
The quokka misses you.
The ufetubus hits you but does no damage. x2
You shoot a sling bullet.
The sling bullet hits the ufetubus but does no damage.
The ufetubus is heavily wounded.
The ufetubus disappears in a puff of smoke!
The bat hits you but does no damage. The orc closely misses you.
The orc hits you with a +0 mace.
You die...

........#..........#
#
........#..........#
#
........#..........#
#
......<.#..........#
#
........#..........#
#
<.......¤..........#
#
.......b#..........#
#
.......¤###..#######
# #####..o@o#..# #
#.@Bor#....
...'...ob#.....
...#...).# ..... ..
#.....# .... .
......# #.....)#
#.......


You could see Eustachio, 4 orcs, a quokka (summoned), a giant cockroach and 2
bats.

Vanquished Creatures
  Duvessa (D:4)
  Pargi (Sewer)
  A phantom (D:4)
  A scorpion (D:4)
  Dowan (D:4)
  A vampire bat (D:4)
  A jelly (D:4)
  An orc priest (D:4)
  3 gnolls (D:4)
  2 adders
  A worm (D:2)
  A dart slug (D:1)
  4 orcs (D:4)
  11 ball pythons
  5 endoplasms
  8 giant cockroaches
  12 goblins
  7 hobgoblins
  7 jackals
  4 quokkas
  9 bats
  3 frilled lizards
  9 kobolds
  5 rats
99 creatures vanquished.

Notes
Turn   | Place    | Note
-------+----------+-------------------------------------------
     0 | D:1      | qw the Gargoyle Hexslinger began the quest for the Orb.
     0 | D:1      | Reached XP level 1. HP: 12/12 MP: 2/2
     0 | D:1      | 0 ||| qw: Version: 0.3-a-40-ge99b1a8
     0 | D:1      | 0 ||| qw: Game counter: 393
     0 | D:1      | 0 ||| qw: Melee chars always use a shield: true
     0 | D:1      | 0 ||| qw: God list: Okawaru
     0 | D:1      | 0 ||| qw: Allow faded altars: false
     0 | D:1      | 0 ||| qw: Do Orc after clearing Dungeon:15 true
     0 | D:1      | 0 ||| qw: Do second Lair branch before Depths: true
     0 | D:1      | 0 ||| qw: Lair rune preference: random
     0 | D:1      | 0 ||| qw: Goals: Normal
     0 | D:1      | 0 ||| PLANNING D:1-11
    89 | D:1      | Reached XP level 2. HP: 16/16 MP: 3/3
   185 | D:1      | Reached skill level 3 in Ranged Weapons
   511 | D:1      | Reached XP level 3. HP: 21/21 MP: 4/4
   705 | D:1      | 705 ||| UPGRADING to +0 leather armour.
   715 | D:1      | 715 ||| DROPPING +0 robe.
   716 | D:1      | 716 ||| DROPPING scarf of invisibility.
   717 | D:1      | 717 ||| UPGRADING to +4 ring of protection.
   718 | D:1      | 718 ||| READING scroll labelled ECYSIT VUOKKOE.
   719 | D:1      | 719 ||| READING scroll labelled SEPNAY YMOGU.
   820 | D:1      | 820 ||| READING 2 scrolls labelled CIUMNI PYTSITRA.
   821 | D:1      | 821 ||| READING scroll labelled NUYLIFRUSE.
   822 | D:1      | 822 ||| DROPPING scroll of poison.
  1240 | D:2      | 1240 ||| FLEEEEING.
  1241 | D:2      | 1241 ||| FLEEEEING.
  1242 | D:2      | 1242 ||| FLEEEEING.
  1243 | D:2      | 1243 ||| FLEEEEING.
  1247 | D:2      | 1247 ||| FLEEEEING.
  1248 | D:2      | 1248 ||| FLEEEEING.
  1249 | D:2      | 1249 ||| FLEEEEING.
  1250 | D:2      | 1250 ||| FLEEEEING.
  1251 | D:2      | 1251 ||| FLEEEEING.
  1252 | D:2      | 1252 ||| FLEEEEING.
  1253 | D:2      | 1253 ||| FLEEEEING.
  1254 | D:2      | 1254 ||| FLEEEEING.
  1255 | D:2      | 1255 ||| FLEEEEING.
  1256 | D:2      | 1256 ||| FLEEEEING.
  1257 | D:2      | 1257 ||| FLEEEEING.
  1258 | D:2      | 1258 ||| FLEEEEING.
  1259 | D:2      | 1259 ||| FLEEEEING.
  1260 | D:2      | 1260 ||| FLEEEEING.
  1261 | D:2      | 1261 ||| FLEEEEING.
  1262 | D:2      | 1262 ||| FLEEEEING.
  1263 | D:2      | 1263 ||| FLEEEEING.
  1264 | D:2      | 1264 ||| FLEEEEING.
  1265 | D:2      | 1265 ||| FLEEEEING.
  1266 | D:2      | 1266 ||| FLEEEEING.
  1267 | D:2      | 1267 ||| FLEEEEING.
  1268 | D:2      | 1268 ||| FLEEEEING.
  1434 | D:2      | Reached XP level 4. HP: 24/26 MP: 5/5
  1794 | D:2      | 1794 ||| UPGRADING to +0 cloak.
  1799 | D:2      | 1799 ||| READING scroll labelled ZIDAV JUSKOUCO.
  1800 | D:2      | 1800 ||| DRINKING 2 emerald potions.
  1843 | D:2      | 1843 ||| DROPPING potion of lignification.
  1868 | D:3      | Found a glowing drain.
  1869 | D:3      | 1869 ||| PLANNING SEWER
  1869 | D:3      | 1869 ||| STAIRDANCE
  1873 | D:3      | 1873 ||| STAIRDANCE
  1882 | D:2      | Reached skill level 4 in Ranged Weapons
  1913 | D:3      | 1913 ||| STAIRDANCE
  1952 | Sewer    | Entered a sewer
  1955 | Sewer    | Noticed Pargi
  1964 | Sewer    | Killed Pargi
  1965 | Sewer    | Reached skill level 5 in Ranged Weapons
  1965 | Sewer    | Reached XP level 5. HP: 15/30 MP: 6/6
  2140 | Sewer    | 2140 ||| UPGRADING to +0 troll leather armour {Pargi}.
  2150 | Sewer    | 2150 ||| DROPPING +0 leather armour.
  2151 | Sewer    | 2151 ||| READING scroll labelled NIOHEUSAUPN.
  2152 | Sewer    | 2152 ||| READING scroll labelled AXTAPP JANTEE.
  2153 | Sewer    | 2153 ||| DRINKING 2 green potions.
  2167 | D:3      | 2167 ||| PLANNING D:1-11
  2199 | D:3      | Identified the +1 leather armour of Marbles {Str+4 Dex-4}
  2396 | D:3      | 2396 ||| READING scroll of enchant weapon.
  2396 | D:3      | 2396 ||| ENCHANTING +1 heavy sling.
  2618 | D:3      | 2618 ||| DROPPING +1 leather armour of Marbles {Str+4
                  | Dex-4}.
  2619 | D:3      | 2619 ||| UPGRADING to ring of willpower.
  2620 | D:3      | 2620 ||| READING scroll labelled OMIOJICVIHABB.
  2621 | D:3      | 2621 ||| READING scroll labelled LUECKI IHOUD.
  2622 | D:3      | 2622 ||| READING 2 scrolls of identify.
  2622 | D:3      | 2622 ||| IDENTIFYING clear potion
  2623 | D:3      | 2623 ||| DROPPING potion of magic.
  2654 | D:4      | Found Leel's Distillery.
  2658 | D:4      | 2658 ||| BUYING potion of curing (39 gold).
  2658 | D:4      | Bought a potion of curing for 39 gold pieces
  2658 | D:4      | 2658 ||| BUYING potion of heal wounds (65 gold).
  2658 | D:4      | Bought a potion of heal wounds for 65 gold pieces
  2658 | D:4      | 2658 ||| BUYING potion of might (52 gold).
  2658 | D:4      | Bought a potion of might for 52 gold pieces
  2658 | D:4      | 2658 ||| SHOPLISTING potion of might (52 gold, have 7).
  2703 | D:4      | Noticed a phantom
  2716 | D:4      | Reached skill level 3 in Fighting
  2716 | D:4      | Reached XP level 6. HP: 38/38 MP: 7/7
  2968 | D:4      | Noticed Duvessa
  2968 | D:4      | Noticed Dowan
  2984 | D:4      | Killed Duvessa
  2985 | D:4      | Reached skill level 6 in Ranged Weapons
  2985 | D:4      | Reached XP level 7. HP: 35/42 MP: 8/8
  2987 | D:4      | Killed Dowan
  3017 | D:4      | Noticed Eustachio
  3040 | D:4      | HP: 8/43 [orc/+0 flail (7)]
  3041 | D:4      | 3041 ||| DRINKING potion of heal wounds.
  3047 | D:4      | HP: 10/43 [orc priest/nerve-wracking pain (6)]
  3054 | D:4      | HP: 8/43 [Eustachio/+0 falchion (7)]
  3060 | D:4      | HP: 6/43 [orc/+0 mace (3)]
  3061 | D:4      | HP: 1/43 [quokka[Eustachio] (2)]
  3063 | D:4      | Slain by an orc

Levels and vault maps discovered:
D:1:      elethiomel_arrival_infinity_welcomes_careful_drivers, layout_rooms,
          minmay_box_of_dots
D:2:      layout_basic, minmay_goblin_outpost
D:3:      layout_rooms, portal_sewer_entry_f, minmay_misc_feat_alley,
          minmay_fractal_squares_5
D:4:      layout_gridville, serial_shops, shop, roderic_batcave, nrook_campfire,
          uniq_eustachio, uniq_duvessa

Skill      XL: |  1  2  3  4  5  6  7 |
---------------+----------------------+-----
Ranged Weapons | 3 5 6 |  6.7
Fighting       | 2 3 4 |  4.2
Armour         | 2 |  2.1
Dodging        | |  1.5
Spellcasting   | |  1.0
Hexes          | |  2.6

Action                     |  1- 3 |  4- 6 |  7- 9 || total
---------------------------+-------+-------+-------++-------
   Fire: Sling             |   105 |   148 |    54 ||   307
    Use: Scroll            |     4 |     7 |       ||    11
         Potion            |       |     2 |     1 ||     3
 Armour: Robe              |     5 |       |       ||     5
         Leather armour    |    11 |    51 |       ||    62
         Troll leather arm |       |    81 |   133 ||   214
  Dodge: Dodged            |    31 |   122 |   164 ||   317

Table legend:
 A = Non-vault XP
 B = Vault XP
 C = Vault XP percentage of total XP
 D = Non-vault monster count
 E = Vault monster count
 F = Vault count percentage of total count
                 A         B        C        D         E       F
            +---------+---------+-------+---------+---------+-------
      Total |     434 |     457 |  51.3 |      62 |      37 |  37.4
            +---------+---------+-------+---------+---------+-------
        D:1 |      35 |       2 |   5.4 |      20 |       1 |   4.8
        D:2 |      47 |      17 |  26.6 |      18 |       9 |  33.3
        D:3 |      13 |      30 |  69.8 |       8 |      11 |  57.9
        D:4 |     339 |     281 |  45.3 |      16 |      10 |  38.5
      Sewer |       0 |     127 | 100.0 |       0 |       6 | 100.0
            +---------+---------+-------+---------+---------+-------
